 Dungeon Sprint DCSS version 0.23.0-3-gf3c87f2 (webtiles) character file.

Game seed: 9998632179380441700

4067 nuthulu the Imperceptible (level 10, 0/58 HPs)
             Began as a Spriggan Assassin on Feb 21, 2019.
             Was an Elder of Dithmenos.
             Slain by a killer bee (7 damage)
             ... in the Dungeon (Sprint III: "The Ten Rune Challenge").
             The game lasted 00:05:31 (1022 turns).

nuthulu the Imperceptible (Spriggan Assassin)       Turns: 1022, Time: 00:05:32

Health: 0/58       AC:  5    Str:  8    XL:     10   Next: 5%
Magic:  11/11      EV: 32    Int: 16    God:    Dithmenos [****..]
Gold:   28         SH:  0    Dex: 20    Spells: 9/9 levels left

rFire    + . .     SeeInvis +   a - +2 dagger
rCold    + . .     Gourm    .   (shield restricted)
rNeg     . . .     Faith    .   c - +0 robe
rPois    .         Spirit   .   (helmet restricted)
rElec    .         Reflect  .   d - +0 cloak
rCorr    .         Harm     .   (gloves unavailable)
MR       +....     NoTele   +   (boots unavailable)
Stlth    ++++++++++             (no amulet)
HPRegen  0.19/turn              (no ring)
MPRegen  0.12/turn              (no ring)

@: brilliant, lethally poisoned (0 -> -10), wreathed by umbra, very quick
A: very small, unfitting armour, horns 1, molten scales 1, see invisible, cold
resistance 1, dopey 1, fire resistance 1, herbivore, speed 3, slow metabolism 2,
wild magic 1
a: Shadow Step, Renounce Religion


You were in the Dungeon.
You worshipped Dithmenos.
Dithmenos was greatly pleased with you.
You were not hungry.

You visited 1 branch You collected 28 gold pieces.

Inventory:

Hand Weapons
 a - a +2 dagger (weapon)
 b - a +0 blowgun
Missiles
 e - 7 poisoned needles
 f - 2 curare-tipped needles
Armour
 c - a +0 robe (worn)
 d - a +0 cloak (worn)
Scrolls
 m - a scroll of blinking
 n - a scroll of holy word
 o - a scroll of identify
 p - 2 scrolls of remove curse
Potions
 h - a potion of curing
 i - 2 potions of heal wounds
 k - 2 potions of magic
 q - 2 potions of flight
Comestibles
 g - 4 rations


   Skills:
 + Level 9.2 Fighting
 + Level 11.7 Short Blades
 - Level 2.0 Throwing
 + Level 14.4 Dodging
 * Level 21.2 Stealth


You had 9 spell levels left.
You didn't know any spells.
Your spell library contained the following spells:

 Spells                   Type           Power        Failure   Level  Hunger
 Confusing Touch          Hex            ##....       4%          1    ##.....
 Confuse                  Hex            ##......     11%         3    ####...
 Gell's Gravitas          Tloc           ##........   11%         3    ####...
 Petrify                  Tmut/Erth      ##......     28%         4    #####..
 Metabolic Englaciation   Hex/Ice        ##........   56%         5    ######.
 Yara's Violent Unravell  Hex/Tmut       ##........   56%         5    ######.


Dungeon Overview and Level Annotations

Branches:
Dungeon (1/1)

Altars:
Cheibriados
Dithmenos
Elyvilon
Fedhas
Gozag
Hepliaklqana
Kikubaaqudgha
Makhleb
Nemelex Xobeh
Okawaru
Qazlal
Ru
Sif Muna
Trog
Uskayaw
Vehumet
Wu Jian
Xom
Yredelemnul
Zin
The Shining One
Beogh
Jiyva
Lugonu


Innate Abilities, Weirdness & Mutations

You are very small and have problems with some larger weapons.
You are too small for most types of armour.
You have supernaturally acute eyesight. (SInv)
You are a herbivore.
You cover ground extremely quickly.
You need to consume almost no food.
You have a pair of small horns on your head.
You are partially covered in molten scales. (AC +2)
Your flesh is cold resistant. (rC+)
You are dopey. (Int -2)
Your flesh is heat resistant. (rF+)
Your spells are a little harder to cast, but a little more powerful.


Message History

You hit the killer bee.
The killer bee is heavily wounded.
You feel sick.
The killer bee completely misses you. x2
The killer bee closely misses you. x2
Unknown command.
You hit the killer bee.
The killer bee is severely wounded.
Your shadow barely misses the killer bee.
The killer bee completely misses you. The killer bee barely misses you.
The killer bee stings you.
* * * LOW HITPOINT WARNING * * *
You are lethally poisoned!
The killer bee poisons you! The killer bee completely misses you.
You miss the killer bee. Your headbutt misses the killer bee.
The killer bee is severely wounded.
Your shadow hits the killer bee with a dagger.
* * * LOW HITPOINT WARNING * * *
You feel sick. The killer bee misses you. x2
The killer bee completely misses you. The killer bee stings you!
You die...

▓▓ ▓▓▓ .♣♣ ♣.############ ..♣♣
♣♣.#___#___#__# ...♣
..#)..#__)#._#
.≈♣♣♣♣♣.###'#'###y##
≈≈♣.♣♣..#.....).@y.#
≈≈≈..♣♣.+.⌠.[.÷.yy.#
≈≈≈≈≈...#...######'#
≈≈≈≈....#.⌠.#__#...#+############
≈≈≈.....#...#__#..y#§yy§≈§§#yy..y
≈.......#'###__#.y.#§#§§≈#y#.#...
........#.))#__#...'§#§§§#.#.#)..
........#___#__'...#.#§§.#.y.#)).
▓▓▓▓▓▓▓▓▓▓▓▓▓▓▓▓▓▓▓▓▓▓▓▓▓▓▓▓▓▓▓▓▓


You could see 4 killer bees.

Vanquished Creatures
  Snorg (D)
  A centaur warrior (D)
  2 unseen horrors (D)
  A deep elf mage (D)
  A shadow (D)
  A spatial vortex (D)
  A necrophage (D)
  2 centaurs (D)
  An earth elemental (D)
  A water elemental (D)
  A scorpion (D)
  2 killer bees (D)
  A jelly (D)
  Jessica (D)
  A wizard (D)
  A necromancer (D)
  3 humans (D)
  A kobold demonologist (D)
  2 oozes (D)
  A rat (D)
26 creatures vanquished.

Vanquished Creatures (others)
  2 draconian scorchers (D)
  6 hellions (D)
  A yaktaur (D)
9 creatures vanquished.

Grand Total: 35 creatures vanquished

Notes
Turn   | Place    | Note
-------+----------+-------------------------------------------
     0 | D        | nuthulu the Spriggan Assassin began the quest for the Orb.
     0 | D        | Reached XP level 1. HP: 10/10 MP: 2/2
    19 | D        | Reached skill level 6 in Stealth
    23 | D        | Reached skill level 7 in Stealth
    23 | D        | Reached XP level 2. HP: 5/15 MP: 3/3
    91 | D        | Killed a hellion
   139 | D        | Killed a hellion
   139 | D        | Killed a hellion
   148 | D        | Killed a hellion
   167 | D        | Killed a hellion
   223 | D        | Noticed Jessica
   233 | D        | Killed Jessica
   233 | D        | Reached skill level 8 in Stealth
   233 | D        | Reached XP level 3. HP: 17/19 MP: 4/4
   248 | D        | Killed a white draconian scorcher
   251 | D        | Killed a white draconian scorcher
   329 | D        | Reached skill level 9 in Stealth
   350 | D        | Killed a hellion
   356 | D        | Killed a yaktaur
   420 | D        | Noticed a scorpion
   427 | D        | Killed a scorpion
   427 | D        | Reached skill level 5 in Dodging
   427 | D        | Reached skill level 10 in Stealth
   427 | D        | Reached XP level 4. HP: 24/25 MP: 5/5
   448 | D        | Gained mutation: You are resistant to electric shocks.
                  | (rElec) [potion of mutation]
   448 | D        | Gained mutation: You passively map a small area around you.
                  | [potion of mutation]
   448 | D        | Gained mutation: You tend to lose your temper in combat.
                  | [potion of mutation]
   448 | D        | Gained mutation: You are agile. (Dex +2) [potion of
                  | mutation]
   449 | D        | Lost mutation: You are agile. (Dex +2) [potion of mutation]
   449 | D        | Gained mutation: Armour fits poorly on your strangely
                  | shaped body. [potion of mutation]
   449 | D        | Gained mutation: Potions are less effective at restoring
                  | your health. [potion of mutation]
   449 | D        | Gained mutation: You have sharp toenails. [potion of
                  | mutation]
   449 | D        | Gained mutation: Your muscles are strong. (Str +2) [potion
                  | of mutation]
   450 | D        | Lost mutation: Your muscles are strong. (Str +2) [potion of
                  | mutation]
   450 | D        | Lost mutation: You passively map a small area around you.
                  | [potion of mutation]
   450 | D        | Lost mutation: You are resistant to electric shocks.
                  | (rElec) [potion of mutation]
   450 | D        | Gained mutation: Your flesh is cold resistant. (rC+)
                  | [potion of mutation]
   450 | D        | Gained mutation: You have razor-sharp toenails. [potion of
                  | mutation]
   451 | D        | Lost mutation: Potions are less effective at restoring your
                  | health. [potion of mutation]
   451 | D        | Lost mutation: You have razor-sharp toenails. [potion of
                  | mutation]
   451 | D        | Gained mutation: Your body sometimes deteriorates upon
                  | taking damage. [potion of mutation]
   451 | D        | Gained mutation: You have a pair of small horns on your
                  | head. [potion of mutation]
   452 | D        | Lost mutation: You have a pair of small horns on your head.
                  | [potion of mutation]
   452 | D        | Lost mutation: You tend to lose your temper in combat.
                  | [potion of mutation]
   452 | D        | Lost mutation: You have sharp toenails. [potion of
                  | mutation]
   452 | D        | Gained mutation: You are partially covered in molten
                  | scales. (AC +2) [potion of mutation]
   452 | D        | Lost mutation: Armour fits poorly on your strangely shaped
                  | body. [potion of mutation]
   452 | D        | Gained mutation: Your spells are a little harder to cast,
                  | but a little more powerful. [potion of mutation]
   453 | D        | Lost mutation: Your body sometimes deteriorates upon taking
                  | damage. [potion of mutation]
   453 | D        | Gained mutation: You are dopey. (Int -2) [potion of
                  | mutation]
   453 | D        | Gained mutation: Your flesh is heat resistant. (rF+)
                  | [potion of mutation]
   453 | D        | Gained mutation: You have a pair of small horns on your
                  | head. [potion of mutation]
   464 | D        | Noticed a water elemental
   467 | D        | Killed a water elemental
   467 | D        | Reached skill level 5 in Short Blades
   467 | D        | Reached skill level 11 in Stealth
   467 | D        | Reached XP level 5. HP: 29/29 MP: 6/6
   476 | D        | Found a basalt altar of Yredelemnul.
   476 | D        | Found a shadowy altar of Dithmenos.
   476 | D        | Found a sacrificial altar of Ru.
   476 | D        | Noticed a necrophage
   491 | D        | Reached skill level 12 in Stealth
   494 | D        | Killed a necrophage
   494 | D        | Reached skill level 13 in Stealth
   494 | D        | Reached XP level 6. HP: 35/35 MP: 7/7
   516 | D        | Became a worshipper of Dithmenos the Shadowed
   540 | D        | Found a glowing silver altar of Zin.
   540 | D        | Found a glowing golden altar of the Shining One.
   540 | D        | Found a white marble altar of Elyvilon.
   540 | D        | Noticed a deep elf mage
   543 | D        | Killed a deep elf mage
   543 | D        | Reached skill level 10 in Dodging
   543 | D        | Reached skill level 15 in Stealth
   543 | D        | Reached XP level 7. HP: 39/40 MP: 8/8
   555 | D        | Found a radiant altar of Vehumet.
   556 | D        | Found a deep blue altar of Sif Muna.
   556 | D        | Found an ancient bone altar of Kikubaaqudgha.
   557 | D        | Reached skill level 16 in Stealth
   559 | D        | Reached * piety under Dithmenos
   572 | D        | Found a hide-covered altar of Uskayaw.
   572 | D        | Found a roughly hewn altar of Beogh.
   572 | D        | Found an iron altar of Okawaru.
   572 | D        | Found a bloodstained altar of Trog.
   572 | D        | Found an ornate altar of the Wu Jian Council.
   572 | D        | Noticed a human
   572 | D        | Noticed a human
   575 | D        | Killed a human
   576 | D        | Killed a human
   576 | D        | Reached XP level 8. HP: 45/45 MP: 9/9
   590 | D        | Reached ** piety under Dithmenos
   590 | D        | Reached skill level 17 in Stealth
   599 | D        | Found a blossoming altar of Fedhas.
   599 | D        | Found a stormy altar of Qazlal.
   599 | D        | Found a snail-covered altar of Cheibriados.
   599 | D        | Found a burning altar of Makhleb.
   599 | D        | Found a shimmering altar of Xom.
   600 | D        | Found a hazy altar of Hepliaklqana.
   600 | D        | Found an opulent altar of Gozag.
   600 | D        | Found a sparkling altar of Nemelex Xobeh.
   600 | D        | Found a corrupted altar of Lugonu.
   600 | D        | Found a viscous altar of Jiyva.
   641 | D        | Noticed Snorg
   680 | D        | Killed Snorg
   680 | D        | Reached skill level 10 in Short Blades
   680 | D        | Reached skill level 19 in Stealth
   680 | D        | Reached XP level 9. HP: 51/51 MP: 10/10
   741 | D        | Reached *** piety under Dithmenos
   746 | D        | Noticed a centaur warrior
   772 | D        | Killed a centaur warrior
   772 | D        | Reached skill level 20 in Stealth
   920 | D        | Noticed an unseen horror
   920 | D        | Noticed an unseen horror
   921 | D        | Killed an unseen horror
   921 | D        | Reached **** piety under Dithmenos
   923 | D        | Killed an unseen horror
   923 | D        | Reached skill level 21 in Stealth
   923 | D        | Reached XP level 10. HP: 58/58 MP: 11/11
  1022 | D        | Slain by a killer bee

Skill      XL: |  1  2  3  4  5  6  7  8  9 |
---------------+----------------------------+-----
Fighting       | 2 3 4 6 8 9 |  9.2
Dodging        | 3 4 5 6 8 10 11 12 14 | 14.4
Stealth        | 7 8 10 11 13 15 16 19 21 | 21.2
Short Blades   | 3 4 5 6 8 9 10 11 | 11.7
Throwing       | |  2.0

Action                   |  1- 3 |  4- 6 |  7- 9 | 10-12 || total
-------------------------+-------+-------+-------+-------++-------
Melee: Dagger            |    39 |    11 |    61 |    52 ||   163
       Headbutt          |       |     1 |    17 |     2 ||    20
 Fire: Blowgun           |     6 |       |     4 |       ||    10
  Use: Potion            |       |     8 |     2 |     2 ||    12
       Scroll            |       |       |       |     2 ||     2
 Stab: Sleeping          |     1 |     2 |    11 |       ||    14
Armor: Robe              |     2 |     1 |       |     1 ||     4
Dodge: Dodged            |    27 |     6 |    28 |    82 ||   143
